 Dungeon Crawl Stone Soup version 0.29-a0-284-gf9362112df (webtiles) character file.

Game seed: 16418817176303584678

77 ooooo the Conjurer (level 4, -2/27 HPs)
             Began as an Octopode Conjurer on Mar 17, 2022.
             Slain by a hobgoblin (5 damage)
             ... led by Robin
             ... on level 2 of the Dungeon.
             The game lasted 00:05:34 (1824 turns).

ooooo the Conjurer (Octopode Conjurer)              Turns: 1824, Time: 00:05:34

Health: -2/27      AC:  1    Str:  3 (6)  XL:     4   Next: 33%
Magic:  5/8        EV: 13    Int: 20 (22) God:
Gold:   0          SH:  0    Dex:  9 (10) Spells: 2/9 levels left

rFire   . . .      SeeInvis .   c - +0 dagger
rCold   . . .      Faith    .   (no shield)
rNeg    . . .      Spirit   .   (helmet restricted)
rPois   .          Reflect  .   k - amulet of magic regeneration
rElec   .          Harm     .   (no ring)
rCorr   .          Rampage  .   (no ring)
Will    .....                   (no ring)
Stlth   +++.......              (no ring)
HPRegen 0.09/turn               (no ring)
MPRegen 0.51/turn               (no ring)
                                (no ring)
                                (no ring)

@: hasted, very quick
A: almost no armour, amphibious, 8 rings, camouflage 1, gelatinous body 1,
(nimble swimmer 1), tentacles
a: no special abilities


You were on level 2 of the Dungeon.
You visited 1 branch of the dungeon, and saw 2 of its levels.

Inventory:

Hand Weapons
 c - a +0 dagger (weapon)
Jewellery
 f - a ring of poison resistance
 k - an amulet of magic regeneration (around mantle)
Scrolls
 d - 2 scrolls of identify {unknown}
 e - 2 scrolls of teleportation {unknown}
 j - 2 scrolls of blinking {unknown}
 l - a scroll of immolation {unknown}
 m - a scroll of enchant weapon {unknown}
 p - a scroll of magic mapping {unknown}
Potions
 a - a potion of magic
 b - a potion of lignification {unknown}
 g - a potion of haste
 h - a potion of berserk rage {unknown}
 i - a potion of degeneration
 n - a potion of heal wounds {unknown}


   Skills:
 - Level 2.0 Dodging
 - Level 2.6 Stealth
 - Level 3.0 Spellcasting
 - Level 5.0 Conjurations
 * Level 0.9 Hexes


You had 2 spell levels left.
You knew the following spells:

 Your Spells              Type           Power      Damage    Failure   Level
a - Magic Dart            Conj           92%        1d7       1%          1
b - Searing Ray           Conj           46%        2d6       2%          2
c - Fulminant Prism       Conj/Hex       7%         3d7       38%         4

Your spell library contained the following spells:

 Spells                   Type           Power      Damage    Failure   Level
 Corpse Rot               Necr/Air       6%         N/A       22%         2
 Dazzling Flash           Conj/Hex       28%        N/A       13%         3
 Iskenderun's Mystic Bla  Conj/Tloc      13%        2d5       45%         4
 Dispel Undead            Necr           3%         3d7       80%         4
 Death Channel            Necr           1%         N/A       100%        6


Dungeon Overview and Level Annotations

Branches:
Dungeon (2/15)

Altars:

Annotations:
D:2 Terence


Innate Abilities, Weirdness & Mutations

You cannot wear most types of armour.
You are amphibious.
You can wear up to eight rings at the same time.
Your skin changes colour to match your surroundings (Stealth+).
Your rubbery body absorbs attacks. (AC +1, EV +1)
((You are camouflaged when in or above water. (Stealth+)))
You have tentacles for arms and can constrict up to eight enemies at once.


Message History

Robin is almost dead.
The hobgoblin hits you. Robin hits you with a +0 dagger.
* * * LOW HITPOINT WARNING * * *
The goblin closely misses you.
Unknown command.
The searing ray hits Robin!
You kill Robin!
You finish channelling your searing ray.
The hobgoblin closely misses you.
A goblin comes into view. It is wielding a +0 club.
The goblin hits you with a +0 dagger.
* * * LOW HITPOINT WARNING * * *
Training target 5.0 for Conjurations reached!
Your Conjurations skill increases to level 5!
It was a potion of haste.
You feel yourself speed up. The ball python closely misses you.
The ball python barely misses you. The goblin hits you with a +0 dagger.
* * * LOW HITPOINT WARNING * * *
The ball python completely misses you. The ball python misses you.
Okay, then.
A hobgoblin comes into view.
It was a potion of degeneration.
There was something very wrong with that liquid.
You feel weakened.
You feel dopey.
You feel clumsy.
Your magical contamination has completely faded away.
Okay, then.
Okay, then.
It was a potion of curing.
You feel better. The hobgoblin hits you.
* * * LOW HITPOINT WARNING * * *
The goblin hits you with a +0 dagger.
* * * LOW HITPOINT WARNING * * *
The ball python bites you.
* * * LOW HITPOINT WARNING * * *
The ball python closely misses you.
Okay, then.
Casting: Searing Ray (safe; 2% risk of failure)
Confirm with . or Enter, or press ? or * to list all spells.
Okay, then.
The hobgoblin hits you.
You die...

#..#...#######
#.#.......# ......##
#.######### ..###.# #.#
..# #.# #.# ..# #.# #.#
..# #.## ##.# ..#
#..### ##..# ..####...#
##..## ......##.#
###@.##
.####....#####..g## .#
####.......gS.# .#
#.##.....g)# g @##
#..........###### ..g
.<#
####.......†).g.##..ggg
..#
##..#########g.g...S.?
..### #..## #####.....
..†.#####.## ....


You could see a hobgoblin (strong), 2 goblins and a ball python.

Vanquished Creatures
  Robin (D:2)
  An adder (D:2)
  A worm (D:2)
  3 dart slugs
  5 endoplasms (D:1)
  2 giant cockroaches
  9 goblins
  6 hobgoblins
  2 jackals (D:1)
  6 ball pythons
  2 bats
  4 frilled lizards
  2 kobolds
  2 rats (D:1)
46 creatures vanquished.

Vanquished Creatures (others)
  2 plants (D:2)
2 creatures vanquished.

Grand Total: 48 creatures vanquished

Notes
Turn   | Place    | Note
-------+----------+-------------------------------------------
     0 | D:1      | ooooo the Octopode Conjurer began the quest for the Orb.
     0 | D:1      | Reached XP level 1. HP: 11/11 MP: 3/3
   348 | D:1      | Reached XP level 2. HP: 17/17 MP: 0/5
   520 | D:1      | Found a faded altar of an unknown god.
   525 | D:1      | Learned a level 2 spell: Searing Ray
   871 | D:1      | Reached XP level 3. HP: 21/21 MP: 2/6
  1396 | D:2      | Noticed Terence
  1735 | D:2      | Reached XP level 4. HP: 25/27 MP: 8/8
  1795 | D:2      | Learned a level 4 spell: Fulminant Prism
  1797 | D:2      | Noticed Robin
  1819 | D:2      | Killed Robin
  1820 | D:2      | Reached skill level 5 in Conjurations
  1820 | D:2      | HP: 1/27 [goblin/+0 dagger[Robin] (3)]
  1824 | D:2      | Slain by a hobgoblin

Illustrated notes

Levels and vault maps discovered:
D:1:      dpeg_arrival_triangle_fractal, layout_rooms,
          ebering_ecumenical_altar_petrified
D:2:      layout_rooms, serial_bayou_lagoon_b, uniq_terence, uniq_robin

Skill      XL: |  1  2  3  4 |
---------------+-------------+-----
Spellcasting   | 3 |  3.0
Conjurations   | 5 |  5.0
Dodging        | |  2.0
Stealth        | |  2.6
Hexes          | |  0.9

Action                   |  1- 3 |  4- 6 || total
-------------------------+-------+-------++-------
Melee: Unarmed           |     8 |       ||     8
       Constrict         |     5 |     1 ||     6
       Dagger            |    27 |     2 ||    29
       Tentacles         |     1 |       ||     1
 Cast: Magic Dart        |    36 |     3 ||    39
       Searing Ray       |     7 |     2 ||     9
  Use: Potion            |       |     3 ||     3
 Stab: Sleeping          |     6 |       ||     6
Armor: Skin              |     3 |     1 ||     4
Dodge: Dodged            |    16 |    12 ||    28

Table legend: (Time is in decaauts)
 A = Elapsed time spent in this place.
 B = Non-inter-level travel time spent in this place.
 C = Inter-level travel time spent in this place.
 D = Time resting spent in this place.
 E = Time spent auto-exploring this place.
 F = Levels seen in this place.
 G = Mean time per level.
                   A        B        C        D        E       F      G
               +--------+--------+--------+--------+--------+-----+--------+
         Total |   1823 |   1774 |     49 |     15 |   1414 |   2 |  911.5 |
       Dungeon |   1823 |   1774 |     49 |     15 |   1414 |   2 |  911.5 |
               +--------+--------+--------+--------+--------+-----+--------+

Top non-repeatable levels by time:
     D:1: 1304 daAuts
     D:2: 519 daAuts
